Map: [ESL] Royal Blood

Players

Kelazhur - Winner!

  • Race: Terran Terran
  • Spawn Location: 7:00

Lambo

  • Race: Zerg Zerg
  • Spawn Location: 1:00

Event: ESL SC2 Masters 2023 Summer (Regionals)

VOD

Have the link to the VOD?

Description

Time

  • Played on: June 13, 2023, 10:33 a.m.
  • Length: 24:18

All games in this series

Show
View Real Time Build Order
Export as new Build Order

Kelazhur Terran - Winner!

Build Orders: 2 Factory, Reaper Expand, Mech 

Get SALT Encoding   

  12  0:00  SCV  
  13  0:12  SCV  
  14  0:16  Supply Depot  
  14  0:24  SCV  
  15  0:38  SCV  
  15  0:40  Barracks  
  15  0:42  Refinery  
  16  0:50  SCV  
  17  1:02  SCV  
  18  1:14  SCV  
  19  1:26  Orbital Command, Reaper  
  20  1:37  Command Center  
  20  1:45  Supply Depot  
  20  1:52  SCV  
  21  1:58  Marine  
  22  2:02  Factory  
  22  2:05  SCV  
  23  2:16  Marine  
  23  2:17  SCV  
  25  2:29  SCV  
  26  2:35  Barracks Reactor  
  25  2:45  SCV  
  26  2:53  Hellion  
  26  2:56  Command Center  
  26  2:58  SCV  
  29  3:04  Refinery  
  29  3:06  Factory  
  29  3:09  Orbital Command  
  29  3:10  SCV  
  29  3:22  SCV  
  29  3:23  Hellion x2  
  34  3:33  Factory  
  34  3:34  SCV  
  34  3:36  Barracks Tech Lab  
  34  3:41  SCV  
  36  3:45  Hellion  
  36  3:47  Hellion  
  40  3:48  SCV  
  40  3:53  SCV  
  42  4:00  Cyclone  
  42  4:01  Marine  
  46  4:07  SCV x2  
  48  4:11  Hellion  
  48  4:12  Hellion  
  48  4:17  Orbital Command  
  52  4:19  SCV  
  52  4:20  SCV, Factory Tech Lab  
  54  4:32  SCV, Cyclone  
  54  4:34  Supply Depot  
  54  4:37  SCV  
  59  4:44  SCV  
  60  4:49  SCV  
  61  4:54  Supply Depot  
  61  4:56  SCV x2, Hellion x2  
  67  5:00  Mag-Field Accelerator  
  67  5:01  SCV  
  67  5:02  Supply Depot  
  68  5:08  SCV  
  68  5:13  Orbital Command  
  69  5:15  SCV, Cyclone x2  
  69  5:18  Refinery  
  69  5:19  Refinery  
  69  5:20  SCV  
  77  5:24  Hellion x2  
  77  5:27  SCV  
  81  5:33  Supply Depot  
  81  5:34  Supply Depot  
  81  5:40  Infernal Pre-Igniter  
  81  5:41  SCV  
  82  5:46  SCV  
  82  5:49  Cyclone  
  83  5:50  Hellion  
  83  5:53  SCV  
  83  5:55  Hellion  
  84  6:02  Cyclone  
  84  6:03  SCV  
  86  6:05  SCV  
  86  6:11  Refinery  
  85  6:12  Refinery  
  85  6:14  Hellion  
  85  6:16  SCV  
  85  6:17  SCV, Factory  
  89  6:18  Factory  
  89  6:22  SCV  
  86  6:26  Cyclone, Hellion  
  86  6:29  SCV  
  86  6:32  Supply Depot  
  90  6:34  SCV  
  90  6:35  Hellion  
  90  6:37  SCV  
  92  6:41  SCV  
  92  6:46  SCV  
  89  6:49  SCV  
  89  6:53  SCV  
  91  6:58  Hellion x2  
  91  6:59  Siege Tank  
  91  7:00  Siege Tank  
  91  7:01  SCV  
  99  7:03  SCV  
  99  7:05  SCV  
  99  7:08  Supply Depot  
  101  7:09  Armory  
  101  7:11  Factory Reactor, Factory Tech Lab  
  99  7:18  SCV  
  96  7:23  Supply Depot  
  96  7:26  SCV, Hellion x2  
  96  7:29  SCV  
  102  7:31  SCV, Engineering Bay, Command Center, Armory  
  102  7:34  Siege Tank  
  106  7:40  Siege Tank  
  106  7:41  SCV  
  110  7:52  Siege Tank  
  110  7:57  Terran Vehicle Weapons Level 1, Hellion x3  
  119  8:05  Supply Depot  
  119  8:06  Siege Tank  
  119  8:07  Sensor Tower, Supply Depot  
  119  8:08  Hellion  
  118  8:20  Missile Turret, Siege Tank  
  118  8:21  Hellion x2  
  133  8:27  SCV x3, Siege Tank, Hellion  
  133  8:39  Terran Vehicle And Ship Armor Level 1, SCV x2  
  135  8:43  Factory  
  135  8:44  SCV  
  135  8:45  Factory x2  
  136  8:51  SCV  
  136  8:54  SCV  
  136  8:55  Missile Turret  
  144  8:57  SCV, Hellion  
  150  9:03  SCV  
  150  9:07  SCV  
  154  9:14  Cyclone x3  
  154  9:15  Missile Turret  
  142  9:17  Missile Turret  
  142  9:21  SCV  
  142  9:23  SCV  
  142  9:24  SCV  
  128  9:25  Planetary Fortress, Missile Turret  
  126  9:33  SCV  
  126  9:36  SCV  
  126  9:37  Missile Turret  
  122  9:43  Factory Tech Lab x2  
  122  9:44  SCV, Factory Tech Lab  
  122  9:45  SCV  
  113  9:46  Cyclone x3  
  113  9:53  SCV  
  113  9:57  SCV x2  
  115  10:00  Hellion x2  
  115  10:01  Hellion  
  115  10:05  SCV  
  122  10:09  SCV x2  
  122  10:12  SCV  
  125  10:18  SCV, Terran Vehicle Weapons Level 2  
  125  10:21  SCV x2  
  127  10:23  Siege Tank  
  127  10:26  SCV  
  132  10:30  SCV  
  136  10:35  Siege Tank x3  
  136  10:36  Terran Vehicle And Ship Armor Level 2  
  136  10:37  SCV  
  136  10:38  SCV  
  136  10:39  SCV  
  142  10:50  Siege Tank x2  
  142  10:55  Refinery  
  142  10:56  Refinery  
  145  11:00  Command Center  
  145  11:05  Siege Tank  
  145  11:07  Smart Servos  
  145  11:10  Siege Tank  
  151  11:11  Hellion x3  
  151  11:12  Hellion  
  151  11:15  Supply Depot  
  151  11:16  Supply Depot  
  151  11:17  Supply Depot  
  151  11:18  Supply Depot  
  155  11:31  Sensor Tower  
  155  11:37  Hellion  
  155  12:02  Hellion x2  
  155  12:03  Hellion x2  
  155  12:06  Command Center  
  166  12:09  Command Center  
  166  12:11  Missile Turret, Command Center  
  166  12:12  Thor x4  
  166  12:15  Missile Turret  
  168  12:19  Thor  
  153  12:31  SCV x2  
  153  12:34  Thor  
  158  12:42  SCV  
  158  12:43  SCV x2  
  159  12:44  Terran Vehicle Weapons Level 3  
  159  12:46  Hellion x2  
  159  12:48  Hellion x2  
  167  12:54  SCV  
  167  12:55  SCV  
  167  12:58  Missile Turret  
  169  13:01  Terran Vehicle And Ship Armor Level 3  
  169  13:06  SCV, Planetary Fortress  
  169  13:10  SCV x2  
  171  13:15  Refinery  
  171  13:18  SCV  
  169  13:20  Siege Tank  
  169  13:22  SCV  
  169  13:24  SCV  
  169  13:26  Orbital Command  
  175  13:30  SCV  
  175  13:35  SCV  
  175  13:37  SCV  
  175  13:38  Missile Turret  
  175  13:39  Siege Tank x2  
  183  13:41  Missile Turret  
  183  13:43  Siege Tank  
  186  14:02  Orbital Command  
  179  14:03  SCV, Siege Tank x2  
  179  14:04  SCV x2  
  179  14:06  Thor  
  176  14:11  Thor  
  176  14:16  SCV x2  
  184  14:18  SCV  
  184  14:21  Siege Tank x2  
  191  14:26  Missile Turret  
  191  14:28  SCV x2  
  176  14:40  SCV x2  
  176  14:42  Siege Tank x2  
  176  14:44  Hellion  
  176  14:45  SCV x2  
  186  14:50  Planetary Fortress  
  186  14:54  SCV x2  
  186  14:57  SCV x2  
  190  15:03  Siege Tank  
  190  15:06  SCV x2  
  191  15:09  SCV x2  
  188  15:18  SCV x2  
  189  15:21  SCV x2  
  189  15:27  Siege Tank  
  189  15:28  SCV, Siege Tank  
  197  15:30  SCV  
  197  15:31  SCV  
  197  15:33  SCV  
  197  15:34  SCV  
  195  15:39  Refinery x2  
  195  15:40  SCV  
  189  15:42  SCV  
  189  15:43  SCV  
  189  15:46  Sensor Tower  
  191  15:53  Thor  
  199  15:57  Hellion  
  199  16:03  Sensor Tower  
  196  16:14  Hellion x2  
  194  16:19  Thor  
  194  16:23  Thor  
  194  16:27  Thor  
  194  16:28  Thor  
  188  16:40  Siege Tank  
  188  16:44  Hellion x4  
  188  17:09  SCV  
  188  17:10  SCV x4  
  188  17:12  Hellion x2  
  197  17:26  Hellion  
  199  17:40  Command Center  
  199  17:41  Barracks  
  199  17:42  Ghost Academy, Barracks  
  199  17:43  Barracks, Command Center  
  199  17:45  Command Center  
  197  18:01  Siege Tank x4  
  199  18:15  Siege Tank x2  
  193  18:29  Command Center  
  193  18:30  Barracks Tech Lab x3  
  193  18:31  Personal Cloaking  
  193  18:33  Siege Tank x2  
  184  18:44  Siege Tank x2  
  184  18:45  Hellion x2  
  184  18:46  Hellion x2  
  184  18:47  Siege Tank x2  
  144  18:59  Command Center  
  141  19:06  Hellion x2  
  141  19:07  Hellion  
  137  19:10  Hellion x2  
  137  19:11  Hellion  
  137  19:17  Terran Ship Weapons Level 1, Cyclone, Hellion  
  140  19:18  Ghost x3  
  140  19:19  Cyclone  
  140  19:21  Orbital Command x2  
  149  19:43  Missile Turret  
  149  19:47  Cyclone x3  
  149  19:48  Ghost x3, Hellion x3  
  149  19:49  Missile Turret  
  149  19:51  Missile Turret  
  170  19:53  Siege Tank  
  170  19:57  Siege Tank  
  170  20:05  Siege Tank  
  170  20:14  Hellion  
  170  20:15  Hellion  
  170  20:16  Planetary Fortress  
  170  20:19  Siege Tank x2  
  178  20:23  Siege Tank  
  178  20:25  Ghost x2  
  178  20:26  Ghost  
  176  20:40  Sensor Tower, Hi-Sec Auto Tracking  
  176  20:57  Ghost x2  
  176  21:02  Siege Tank x2  
  183  21:05  Siege Tank  
  183  21:06  Siege Tank  
  175  21:18  Siege Tank  
  178  21:28  Marine, Siege Tank  
  182  21:35  Missile Turret x2, Siege Tank  
  182  21:37  Neosteel Armor  
  185  21:46  Siege Tank  
  186  21:48  Hellion x5  
  176  22:01  Hellion x2  
  165  22:02  Hellion  
  165  22:08  Hellion  
  162  22:10  Siege Tank  
  162  22:11  Hellion x3  
  162  22:12  Refinery, Hellion  
  160  22:18  Siege Tank  
  160  22:22  Siege Tank  
  166  22:36  Hellion x4  
  174  22:38  Sensor Tower, Missile Turret  
  174  22:39  Command Center x3  
  174  22:42  Siege Tank  
  174  22:44  Hellion x3  
  173  22:48  Refinery  
  173  22:49  Refinery  
  173  22:51  Hellion  
  175  22:54  Missile Turret, Hellion  
  175  22:55  Planetary Fortress  
  175  22:57  Command Center, Hellion x2  
  181  23:07  Siege Tank  
  181  23:10  Missile Turret  
  184  23:13  Hellion  
  184  23:15  Ghost  
  186  23:24  Ghost  
  186  23:25  Hellion  
  179  23:43  Siege Tank  
  179  23:44  Hellion x8  
  179  23:47  Hellion  
  196  23:56  Refinery  
  171  24:13  Refinery  
Show
View Real Time Build Order
Export as new Build Order

Lambo Zerg 

Build Orders: Pool First 

Get SALT Encoding   

  12  0:00  Drone  
  13  0:12  Overlord  
  13  0:17  Drone  
  14  0:31  Drone x2  
  14  0:34  Drone  
  17  0:44  Drone  
  17  0:45  Extractor  
  17  0:49  Spawning Pool  
  16  0:55  Drone  
  17  1:06  Drone  
  18  1:16  Hatchery  
  17  1:20  Drone  
  18  1:36  Queen  
  18  1:37  Zergling x2  
  18  1:39  Zergling x2  
  22  1:45  Metabolic Boost  
  22  1:52  Overlord  
  22  2:11  Queen  
  25  2:15  Drone  
  25  2:24  Hatchery  
  25  2:29  Zergling x4  
  24  2:46  Spore Crawler  
  24  2:50  Drone x5  
  28  2:54  Drone x2  
  28  2:57  Drone  
  32  3:07  Overlord  
  32  3:10  Drone  
  33  3:13  Queen  
  33  3:18  Drone  
  36  3:27  Drone x5  
  41  3:34  Queen  
  41  3:38  Queen  
  45  3:42  Overlord  
  45  3:45  Drone x2  
  45  3:48  Drone  
  48  3:54  Queen  
  50  4:02  Zergling x4  
  52  4:03  Drone  
  52  4:04  Overlord  
  52  4:05  Drone x3  
  56  4:11  Drone x2  
  58  4:21  Overlord, Queen x2  
  62  4:27  Overlord  
  62  4:29  Overlord  
  60  4:33  Overlord  
  60  4:36  Drone x3  
  63  4:38  Overlord  
  63  4:40  Drone  
  63  4:41  Drone  
  63  4:42  Zergling x2  
  66  4:47  Zergling x4  
  66  4:50  Overlord  
  68  4:56  Roach Warren, Drone x3  
  68  4:58  Drone x2  
  72  5:03  Lair  
  72  5:04  Extractor  
  72  5:05  Burrow  
  71  5:07  Drone  
  71  5:09  Drone x2  
  71  5:12  Extractor  
  71  5:13  Zergling x4  
  73  5:14  Drone  
  73  5:15  Drone  
  73  5:18  Drone  
  76  5:25  Drone x2  
  78  5:31  Drone x6  
  78  5:33  Queen  
  78  5:35  Overlord  
  86  5:38  Roach  
  86  5:39  Roach x2  
  86  5:40  Extractor  
  86  5:42  Extractor  
  90  5:44  Roach  
  90  5:45  Roach  
  90  5:47  Overlord  
  96  5:50  Roach  
  96  5:55  Drone x4  
  100  6:00  Roach x4  
  100  6:01  Extractor  
  99  6:04  Queen x3  
  99  6:05  Roach x2  
  99  6:06  Roach  
  99  6:10  Roach  
  105  6:12  Roach x3  
  105  6:15  Glial Reconstitution  
  110  6:21  Roach x2  
  106  6:33  Roach x2  
  106  6:34  Roach x2  
  106  6:35  Queen x2  
  114  6:43  Roach  
  111  6:49  Spire  
  111  6:52  Roach x2  
  108  6:55  Zergling x2, Overlord  
  108  6:56  Zergling x6  
  108  6:59  Zergling x4, Roach x4  
  108  7:00  Evolution Chamber  
  108  7:05  Hatchery  
  108  7:06  Drone  
  108  7:11  Drone x4  
  108  7:14  Drone x2  
  108  7:15  Overlord  
  113  7:20  Overlord  
  103  7:24  Roach x2  
  103  7:29  Zerg Missile Weapons Level 1  
  106  7:32  Baneling Nest, Drone  
  106  7:37  Roach x13, Evolution Chamber  
  106  7:38  Roach x4  
  106  7:39  Roach  
  106  7:43  Roach x2  
  106  7:44  Roach  
  119  7:46  Roach x23  
  120  7:53  Roach x23  
  119  8:00  Roach x17  
  119  8:03  Drone x2  
  121  8:09  Overlord  
  121  8:11  Roach  
  121  8:12  Roach  
  121  8:13  Mutalisk x8  
  121  8:15  Zergling x2  
  138  8:22  Drone x4, Queen  
  138  8:26  Zerg Melee Weapons Level 1  
  144  8:31  Drone  
  144  8:32  Drone x5  
  150  8:38  Drone x2  
  152  8:45  Hatchery  
  152  8:46  Overlord  
  152  8:48  Overlord  
  151  8:51  Overlord  
  151  8:52  Ravager  
  151  8:53  Overlord x2  
  151  8:54  Overlord  
  152  8:57  Overlord  
  152  8:58  Centrifugal Hooks  
  152  9:01  Overlord, Spine Crawler  
  150  9:09  Zergling x28  
  164  9:10  Zergling x2  
  164  9:16  Zergling x6  
  165  9:20  Drone  
  166  9:28  Roach x3  
  172  9:35  Roach x6  
  172  9:36  Overlord  
  172  9:40  Overlord  
  172  9:42  Overlord  
  172  9:43  Overlord  
  161  9:46  Roach x6  
  161  9:48  Overlord  
  148  9:55  Infestation Pit  
  148  9:58  Drone x3  
  144  10:07  Ravager x3  
  144  10:10  Overlord  
  144  10:11  Drone x7  
  154  10:18  Zerg Missile Weapons Level 2, Zerg Flyer Weapons Level 1  
  154  10:19  Ravager x2  
  154  10:20  Ravager x2  
  158  10:23  Spine Crawler  
  157  10:30  Zergling x26  
  170  10:36  Hatchery  
  170  10:40  Drone x5  
  174  10:49  Drone x4  
  177  10:53  Spine Crawler  
  177  10:55  Drone x2  
  172  10:57  Mutalisk x8, Spine Crawler  
  172  11:00  Ravager x2  
  172  11:03  Mutalisk x2  
  189  11:08  Drone x2  
  190  11:15  Hive  
  190  11:16  Drone  
  190  11:17  Drone x5  
  196  11:20  Extractor  
  196  11:25  Zergling x10  
  199  11:30  Baneling x14  
  199  11:31  Overlord  
  199  11:37  Overlord  
  199  11:38  Overlord  
  199  11:39  Overlord  
  200  11:42  Overlord  
  200  11:47  Zergling x14  
  200  11:53  Zerg Melee Weapons Level 2  
  200  11:58  Hatchery  
  200  11:59  Hatchery  
  190  12:01  Zergling x18  
  190  12:08  Zergling x6  
  196  12:19  Zergling x6  
  196  12:24  Baneling x7  
  194  12:30  Zergling x2  
  194  12:31  Zergling x10  
  194  12:34  Zergling x6  
  194  12:38  Zergling x12  
  194  12:41  Adrenal Glands  
  196  12:44  Roach  
  196  12:48  Zergling x2  
  196  12:49  Zergling x4  
  199  12:51  Zerg Missile Weapons Level 3  
  199  12:59  Overlord, Hatchery  
  199  13:01  Overlord  
  199  13:03  Hatchery  
  197  13:07  Baneling x9  
  197  13:09  Overlord  
  197  13:19  Zergling x6  
  199  13:33  Greater Spire  
  199  13:36  Hatchery  
  199  13:37  Baneling x7, Hatchery  
  199  13:38  Baneling x2, Queen  
  199  13:42  Spine Crawler  
  199  13:46  Extractor  
  197  14:01  Zergling x46  
  194  14:07  Zergling x10  
  175  14:17  Zergling x10  
  175  14:21  Queen  
  175  14:22  Queen x2  
  175  14:24  Zergling x10  
  177  14:32  Zergling x16  
  177  14:37  Roach x2  
  177  14:38  Pathogen Glands  
  156  14:39  Roach x2  
  156  14:40  Queen x3  
  156  14:41  Baneling x6  
  156  14:43  Roach x2  
  168  14:56  Roach x11  
  186  15:01  Roach  
  186  15:04  Spine Crawler  
  186  15:05  Roach x3  
  186  15:06  Ravager x7  
  192  15:12  Roach x5  
  195  15:15  Roach x2  
  195  15:18  Drone  
  199  15:24  Zerg Melee Weapons Level 3  
  199  15:26  Overlord  
  199  15:34  Neural Parasite  
  180  15:36  Zergling x20  
  180  15:42  Drone x4  
  187  15:43  Drone x3  
  187  15:46  Extractor, Ravager  
  187  15:47  Zergling x2, Ravager  
  192  15:54  Infestor x3  
  198  15:58  Zergling x4  
  198  15:59  Zergling x2, Hatchery  
  198  16:00  Baneling x9  
  198  16:03  Hatchery  
  200  16:08  Baneling x9  
  200  16:09  Baneling x4  
  200  16:11  Overlord  
  192  16:23  Zergling x44  
  171  16:27  Zergling x2  
  171  16:29  Zergling x2  
  171  16:30  Zergling x2  
  166  16:36  Roach x2  
  166  16:39  Ravager x6  
  167  16:40  Zergling x6  
  167  16:45  Baneling x9  
  168  16:47  Roach x2  
  168  16:48  Queen x2  
  168  16:52  Roach x3, Hatchery  
  180  17:00  Zergling x2  
  180  17:01  Zergling x4  
  174  17:06  Zergling x4  
  170  17:10  Zergling x2  
  170  17:11  Zergling x10  
  170  17:13  Infestor x3  
  170  17:15  Ravager x6  
  184  17:18  Zergling x4  
  174  17:24  Zergling x10  
  176  17:31  Roach x3  
  176  17:33  Drone x3  
  170  17:41  Zergling x12  
  170  17:44  Baneling x16  
  173  17:45  Zergling x4  
  173  17:47  Ravager  
  173  17:51  Roach x4  
  184  17:54  Zergling x4  
  182  18:00  Zergling x6  
  182  18:04  Zergling x4  
  171  18:15  Zergling x22  
  171  18:18  Zergling x4  
  171  18:19  Ravager x6  
  175  18:20  Baneling x3  
  175  18:21  Baneling x6  
  175  18:22  Zergling x6  
  175  18:23  Baneling x4  
  175  18:26  Zergling x4  
  175  18:27  Zergling x2  
  178  18:35  Zergling x14  
  167  18:43  Zergling x10  
  167  18:47  Zergling x2  
  128  18:53  Roach x6  
  132  18:58  Infestor x2  
  132  19:01  Roach x2  
  139  19:06  Roach  
  139  19:09  Roach x2  
  126  19:12  Roach x2  
  126  19:14  Roach  
  117  19:21  Roach x5  
  117  19:22  Ravager x5  
  129  19:30  Drone x4, Infestor  
  131  19:31  Ravager x5  
  131  19:32  Ravager  
  131  19:35  Hatchery  
  136  19:40  Zergling x10  
  141  19:46  Extractor  
  141  19:48  Extractor, Drone x7  
  141  19:51  Zerg Ground Armor Level 1  
  146  19:58  Roach x5  
  153  20:05  Roach  
  153  20:07  Overlord  
  152  20:11  Spine Crawler  
  152  20:12  Extractor x2, Drone x9  
  152  20:13  Queen x2  
  160  20:20  Drone x7  
  159  20:24  Spine Crawler  
  159  20:27  Roach x2  
  158  20:30  Drone x3  
  158  20:35  Ravager x3  
  164  20:36  Extractor  
  162  20:43  Drone x4  
  162  20:44  Drone  
  162  20:45  Drone x2  
  169  20:52  Zergling x22  
  180  20:58  Zergling x4, Infestor x2  
  180  21:02  Zergling x4  
  183  21:10  Zergling x14  
  186  21:13  Infestor  
  186  21:14  Infestor x3  
  165  21:21  Ravager  
  165  21:22  Zergling x2, Ravager  
  165  21:23  Zergling x10  
  172  21:27  Zergling x4  
  172  21:31  Zergling x6  
  172  21:32  Baneling Nest  
  176  21:35  Zergling x6  
  176  21:38  Roach x3  
  184  21:41  Roach x2  
  184  21:43  Roach x2  
  184  21:45  Overseer  
  188  21:50  Roach x4  
  188  21:53  Roach  
  188  21:54  Roach  
  175  21:56  Roach  
  175  22:00  Roach x2  
  150  22:02  Pneumatized Carapace  
  150  22:04  Zergling x4  
  150  22:08  Zergling x4  
  147  22:10  Infestor  
  147  22:11  Zergling x4  
  129  22:15  Zergling x6  
  129  22:18  Zergling x2  
  129  22:22  Zergling x6  
  126  22:26  Infestor x2  
  126  22:27  Ravager x3  
  126  22:28  Zergling x6  
  130  22:31  Zergling x2  
  130  22:33  Infestor  
  129  22:37  Roach x4  
  129  22:41  Roach  
  118  22:45  Roach x3  
  118  22:48  Roach x2, Queen  
  118  22:49  Queen  
  118  22:50  Ravager  
  132  22:51  Queen  
  136  22:58  Roach x6  
  136  23:04  Zergling x6  
  143  23:06  Infestor  
  143  23:08  Roach  
  143  23:10  Zergling x4  
  145  23:15  Roach x2  
  149  23:22  Roach x3  
  149  23:28  Roach x7  
  154  23:34  Roach x3  
  154  23:37  Roach x2  
  158  23:42  Ravager x4  
  158  23:43  Ravager  
  158  23:44  Zergling x10  
  164  23:50  Zergling x6  
  164  23:54  Roach x6  
  176  23:58  Overlord  
Tags
 
Add a new tag
Caveats
  • Supply blocks, unpowered buildings, or Contaminate may cause inaccurate times.
  • Supply counts are checked every 10 seconds.